AoeStats
← valentindumitrasko

Arena

510636857Analyzed
1v1 RM · 2d ago on Oct 1, 2026· 71m 33s· 2 players
Game mode
Random Map
Map size
Tiny (2 player)
Population
200
Speed
Normal
Resources
Standard
Victory
Conquest
Starting age
Dark Age
Ending age
Imperial Age
RankedLock teamsTeams togetherTeam positionsShared explorationLock speedFull tech treeHidden civsTurbo modeCheats
Victory
Defeat
🇺🇸 Khmer · United States
453
+19
🇲🇩 Byzantines · Moldova
513
-19
York
10:32 Feudal Age
9:51 Loom
12:58 Double-Bit Axe
17:09 Castle Age
15:22 Horse Collar
18:24 Heavy Plow
18:42 Bow Saw
23:39 Forging
32:20 Bloodlines
32:14 Husbandry
31:46 Light Cavalry
37:32 Imperial Age
38:57 Tusk Swords
39:03 Double Crossbow
39:08 Heavy Scorpion
39:12 Elite Battle Elephant
41:59 Hussar
55:39 Scale Barding Armor
56:10 Iron Casting
60:58 Ballistics
60:41 Murder Holes
61:00 Siege Engineers
valentindumitrasko
11:18 Feudal Age
12:21 Double-Bit Axe
12:23 Horse Collar
18:26 Castle Age
18:19 Gold Mining
18:20 Stone Mining
20:16 Bow Saw
20:59 Heavy Plow
21:39 Gold Shaft Mining
24:21 Wheelbarrow
24:30 Fervor
25:17 Loom
28:22 Scale Mail Armor
28:33 Forging
28:34 Scale Barding Armor
28:44 Fortified Wall
28:56 Ballistics
28:18 Treadmill Crane
33:11 Hand Cart
33:13 Gambesons
33:29 Squires
33:17 Arson
33:49 Husbandry
38:52 Imperial Age
36:49 Greek Fire
38:14 Murder Holes
38:38 Chain Mail Armor
38:58 Iron Casting
38:48 Chain Barding Armor
39:46 Elite Varangian Guard
40:52 Conscription
41:36 Hoardings
42:07 Logistica
43:41 Chemistry
42:27 Arrowslits
45:07 Cavalier
46:55 Stone Shaft Mining
46:42 Guilds
47:22 Heavy Camel Rider
52:35 Elite Cataphract
55:15 Pikeman
58:50 Halberdier
60:59 Plate Mail Armor
61:07 Plate Barding Armor
62:08 Crop Rotation
Connection lost

Rejoining the realm…

Still unreachable

The connection could not be restored.

Session expired

The server has moved on; the page needs a fresh start.